 Dungeon Crawl Stone Soup version 0.25.0-9-g26727b657a (webtiles) character file.

Game seed: 1843915415875889637

1248 mopl the Stinger (level 8, 0/46 HPs)
             Began as an Octopode Venom Mage on June 17, 2020.
             Slain by a centaur (1 damage)
             ... on level 6 of the Dungeon.
             The game lasted 00:11:00 (5395 turns).

mopl the Stinger (Octopode Venom Mage)              Turns: 5395, Time: 00:11:01

Health: 0/46       AC:  1    Str:  7      XL:     8   Next: 50%
Magic:  0/15       EV: 12    Int: 20      God:
Gold:   197        SH:  0    Dex:  4 (12) Spells: 5/16 levels left

rFire    . . .     SeeInvis .   a - +1 dagger (drain)
rCold    . . .     Gourm    .   (no shield)
rNeg     . . .     Faith    .   (helmet restricted)
rPois    .         Spirit   +   p - amulet of guardian spirit
rElec    .         Reflect  .   o - ring of attention (curse)
rCorr    .         Harm     .   v - ring of flight
MR       .....                  (no ring)
Stlth    ++........             (no ring)
HPRegen  0.15/turn              (no ring)
MPRegen  0.14/turn              (no ring)
                                (no ring)
                                (no ring)

@: no status effects
A: almost no armour, stealthy swim, amphibious, 8 rings, constrict 8, camouflage
1, gelatinous body 1
a: Evoke Flight


You were on level 6 of the Dungeon.
You were not hungry.

You visited 1 branch of the dungeon, and saw 6 of its levels.

You collected 197 gold pieces.

Inventory:

Hand Weapons
 a - a +1 dagger of draining (weapon)
 f - a +2 hand axe of freezing
 l - a +4 dagger
Missiles
 k - 33 poisoned darts (quivered)
 s - a throwing net
 A - 44 arrows
Armour
 y - a +0 tower shield
Jewellery
 o - a cursed ring of attention (left tentacle)
 p - an amulet of guardian spirit (around mantle)
 r - an uncursed amulet of faith
 v - a ring of flight (right tentacle)
Wands
 B - a wand of iceblast (10)
Scrolls
 c - 5 scrolls of teleportation
 e - 2 scrolls of amnesia
 g - 2 scrolls of blinking
 q - a scroll of enchant armour {unknown}
 t - a scroll of magic mapping
 w - a scroll of fog {unknown}
Potions
 d - 3 potions of curing {unknown}
 h - 3 potions of might
 j - 2 potions of haste
 m - 3 potions of invisibility {unknown}
 n - a potion of mutation {unknown}
 u - 2 potions of stabbing {unknown}
 x - a potion of lignification {unknown}
 z - a potion of magic
Comestibles
 b - 6 rations
 C - a chunk of flesh


   Skills:
 - Level 2.0 Dodging
 - Level 2.6 Stealth
 * Level 4.8 Spellcasting
 + Level 2.3 Conjurations
 + Level 2.8 Translocations
 + Level 3.4 Transmutations
 - Level 3.0 Fire Magic
 - Level 3.0 Air Magic
 * Level 6.9 Poison Magic


You had 5 spell levels left.
You knew the following spells:

 Your Spells              Type           Power        Failure   Level  Hunger
a - Sting                 Tmut/Pois      ####         1%          1    None
b - Poisonous Vapours     Pois/Air       ###...       2%          2    #......
d - Mephitic Cloud        Conj/Pois/Air  ###.....     7%          3    ##.....
e - Blink                 Tloc           N/A          5%          2    #......
g - Ignite Poison         Fire/Tmut/Pois ###.....     5%          3    ##.....

Your spell library contained the following spells:

 Spells                   Type           Power        Failure   Level  Hunger
 Beastly Appendage        Tmut           ###...       3%          1    None
 Magic Dart               Conj           ##..         4%          1    None
 Sticks to Snakes         Tmut           ###.....     4%          2    #......
 Spider Form              Tmut/Pois      ####......   4%          3    ##.....
 Olgreb's Toxic Radiance  Pois           ####....     7%          4    ####...
 Conjure Flame            Conj/Fire      ###.....     12%         3    ##.....
 Call Imp                 Summ           #.......     19%         2    #......
 Slow                     Hex            #.......     19%         2    #......
 Ice Form                 Ice/Tmut       ##......     50%         4    ####...
 Blade Hands              Tmut           ###.......   63%         5    ######.


Dungeon Overview and Level Annotations

Branches:
Dungeon (6/15)
 Temple: D:4-7

Altars:
Uskayaw


Innate Abilities, Weirdness & Mutations

You cannot wear most types of armour.
You are very stealthy in the water. (Stealth+)
You are amphibious.
You can wear up to eight rings at the same time.
You can use your tentacles to constrict eight enemies at once.
Your skin changes colour to match your surroundings (Stealth+).
Your rubbery body absorbs attacks. (AC +1, EV +1)


Message History

The centaur barely misses you. The centaur hits you.
You hit the centaur but do no damage. You drain the centaur.
The centaur is moderately wounded.
The centaur hits you.
You hit the centaur but do no damage. You drain the centaur.
The centaur is heavily wounded.
The centaur hits you.
* * * LOW HITPOINT WARNING * * *
The centaur hits you.
* * * LOW HITPOINT WARNING * * *
You barely miss the centaur. You squeeze the centaur.
The centaur is almost dead.
The centaur hits you.
* * * LOW HITPOINT WARNING * * *
You completely miss the centaur. Your squeeze misses the centaur.
The centaur is almost dead.
The centaur looks more healthy.
The centaur hits you.
* * * LOW HITPOINT WARNING * * *
The centaur hits you.
You die...

#......>....#.#.##..###.##...
#......###.##.#.##..........#
#......# #5##.#.##......#...#
.#......#
#.##.#.#########.###
........# #J##.#.#### #..
##......#
#.##.#....##########
#......###.#.................
####.....#.#######.#########.
#.....#.c@).....# #.
#.....########### #.
#........#### #.
#...........## #.
#............# #.
#............# ########.
#............# #........
#............# #.#######
#............# #.#


You could see a centaur (drained).

Vanquished Creatures
  Edmund (D:5)
  4 ogres
  A centaur (D:5)
  2 scorpions (D:5)
  2 howler monkeys
  2 jellies
  A crimson imp (D:5)
  A bullfrog zombie (D:5)
  A quasit (D:6)
  2 orc priests (D:4)
  An iguana (D:4)
  A worker ant (D:4)
  An orc wizard (D:4)
  2 hound zombies (D:5)
  4 gnolls (D:3)
  A howler monkey skeleton (D:6)
  5 adders
  A shadow imp (D:6)
  An ooze (D:3)
  2 worms (D:2)
  A dart slug (D:2)
  4 leopard geckos
  7 orcs
  5 giant cockroaches
  13 goblins
  11 hobgoblins
  9 jackals
  8 kobolds
  7 quokkas
  A ball python (D:1)
  10 bats
  5 frilled lizards
  A jackal skeleton (D:5)
  A leopard gecko skeleton (D:5)
  10 rats
129 creatures vanquished.

Notes
Turn   | Place    | Note
-------+----------+-------------------------------------------
     0 | D:1      | mopl the Octopode Venom Mage began the quest for the Orb.
     0 | D:1      | Reached XP level 1. HP: 11/11 MP: 3/3
   206 | D:1      | Reached XP level 2. HP: 12/17 MP: 3/5
   210 | D:1      | Learned a level 2 spell: Poisonous Vapours
   280 | D:1      | Reached skill level 4 in Poison Magic
   360 | D:1      | Reached XP level 3. HP: 17/21 MP: 6/6
   365 | D:1      | Learned a level 3 spell: Ignite Poison
  1118 | D:2      | Reached XP level 4. HP: 8/27 MP: 1/8
  1432 | D:2      | Reached skill level 1 in Air Magic
  1881 | D:3      | Learned a level 2 spell: Blink
  2212 | D:3      | Reached skill level 1 in Fire Magic
  2305 | D:3      | Reached XP level 5. HP: 21/31 MP: 3/9
  2814 | D:4      | Reached skill level 1 in Translocations
  2814 | D:4      | Reached skill level 5 in Poison Magic
  2872 | D:4      | Reached XP level 6. HP: 27/36 MP: 5/11
  2877 | D:4      | Learned a level 3 spell: Mephitic Cloud
  3637 | D:4      | Reached skill level 1 in Conjurations
  3637 | D:4      | Reached XP level 7. HP: 31/41 MP: 4/12
  3653 | D:4      | Found a hide-covered altar of Uskayaw.
  3654 | D:4      | Noticed a +0 hand axe
  3654 | D:4      | Noticed a +0 dagger
  3774 | D:5      | Entered Level 5 of the Dungeon
  4232 | D:5      | Reached skill level 6 in Poison Magic
  4436 | D:5      | Noticed Edmund
  4451 | D:5      | Killed Edmund
  4451 | D:5      | Reached XP level 8. HP: 38/46 MP: 2/14
  5395 | D:6      | HP: 1/46 [centaur (3)]
  5395 | D:6      | Slain by a centaur

Illustrated notes

Levels and vault maps discovered:
D:1:      dpeg_arrival_concentric_ovals, layout_basic
D:2:      layout_basic, minmay_crystal_water
D:3:      layout_loops_ring, first_ration, minmay_fractal_squares_gapless_5
D:4:      layout_basic, dancing_weapons_uskayaw, nrook_campfire
D:5:      layout_basic, uniq_edmund
D:6:      layout_basic, minmay_temple_entry_steel_oval

Skill      XL: |  1  2  3  4  5  6  7  8 |
---------------+-------------------------+-----
Poison Magic   | 4 5 6 |  6.9
Air Magic      | 1 2 3 |  3.0
Spellcasting   | 3 4 |  4.8
Fire Magic     | 1 2 3 |  3.0
Transmutations | 2 3 |  3.4
Translocations | 1 2 |  2.8
Conjurations   | 1 2 |  2.3
Dodging        | |  2.0
Stealth        | |  2.6

Action                   |  1- 3 |  4- 6 |  7- 9 || total
-------------------------+-------+-------+-------++-------
Melee: Hand axe          |    11 |       |       ||    11
       Unarmed           |     3 |       |       ||     3
       Constrict         |    15 |    29 |    16 ||    60
       Tentacles         |     5 |    15 |    19 ||    39
       Dagger            |    64 |   102 |   102 ||   268
Throw: Dart              |       |       |     1 ||     1
 Cast: Poisonous Vapours |     7 |    24 |    16 ||    47
       Sting             |       |    16 |     8 ||    24
       Mephitic Cloud    |       |       |     4 ||     4
       Ignite Poison     |       |       |     3 ||     3
       Blink             |       |       |     2 ||     2
  Use: Scroll            |     5 |     2 |     2 ||     9
       Potion            |       |       |     1 ||     1
 Stab: Sleeping          |     9 |     4 |     2 ||    15
  Eat: Chunk             |     1 |     9 |     6 ||    16
Armor: Skin              |     2 |    11 |     8 ||    21
Dodge: Dodged            |    43 |    50 |    73 ||   166
